 Dungeon Crawl Stone Soup version 0.32-a0-643-ga006e7742e (webtiles) character file.

Game seed: 11010375889334526001

51 croobank the Caller (level 3, 0/21 HPs)
             Began as an Octopode Summoner on Mar 7, 2024.
             Killed from afar by a dart slug (4 damage)
             ... with a slug dart
             ... on level 2 of the Dungeon.
             The game lasted 00:03:12 (1202 turns).

croobank the Caller (Octopode Summoner)             Turns: 1202, Time: 00:03:13

Health: 0/21       AC:  1    Str:  7    XL:     3   Next: 81%
Magic:  0/6        EV: 13    Int: 19    God:
Gold:   77         SH:  0    Dex: 12    Spells: 1/7 levels left

rFire   . . .        e - +0 short sword
rCold   . . .        (no shield)
rNeg    . . .        (helmet restricted)
rPois   .            (no amulet)
rElec   .            (no ring)
rCorr   .            (no ring)
SInv    .            (no ring)
Will    .....        (no ring)
Stlth   +++          (no ring)
HPRegen 0.23/turn    (no ring)
MPRegen 0.10/turn    (no ring)
                     (no ring)

%: no passive effects
@: inugami summoned
A: almost no armour, amphibious, 8 rings, camouflage 1, gelatinous body 1,
(nimble swimmer 1), tentacles
a: no special abilities


You were on level 2 of the Dungeon.
You visited 1 branch of the dungeon, and saw 2 of its levels.

You collected 77 gold pieces.

Inventory:

Hand Weapons
 e - a +0 short sword (weapon)
Jewellery
 h - a +6 ring of intelligence
Scrolls
 b - 2 scrolls of identify {unknown}
 c - a scroll of amnesia {unknown}
 f - a scroll of enchant weapon {unknown}
 g - a scroll of vulnerability {unknown}
 i - a scroll of fog {unknown}
Potions
 a - a potion of magic
 d - a potion of curing {unknown}
 j - a potion of experience {unknown}


   Skills:
 + Level 2.6 Dodging
 + Level 3.6 Stealth
 + Level 2.5 Spellcasting
 + Level 4.3 Summonings


You had one spell level left.
You knew the following spells:

 Your Spells              Type           Power      Damage    Failure   Level
a - Summon Small Mammal   Summ           76%        N/A       2%          1
b - Call Imp              Summ           38%        N/A       4%          2
c - Call Canine Familiar  Summ           19%        N/A       8%          3

Your spell library contained the following spells:

 Spells                   Type           Power      Damage    Failure   Level
 Summon Blazeheart Golem  Fire/Summ      10%        N/A       54%         4
 Summon Lightning Spire   Summ/Air       10%        N/A       54%         4


Dungeon Overview and Level Annotations

Branches:
Dungeon (2/15)

Altars:

Shops:
D:1 *


Innate Abilities, Weirdness & Mutations

You cannot wear most types of armour.
You are amphibious.
You can wear up to eight rings at the same time.
Your skin changes colour to match your surroundings (Stealth+).
Your rubbery body absorbs attacks. (AC +1, EV +1)
((You are camouflaged when in or above water. (Stealth+)))
You have tentacles for arms and can constrict up to eight enemies at once.


Message History

Your cerulean imp disappears in a puff of smoke!
Your quokka disappears in a puff of smoke!
Your inugami looks up at you expectantly.
Magic restored.
You start resting.
Your inugami disappears in a puff of smoke!
HP restored.
A kobold comes into view. It is wielding a +0 club.
The kobold shouts!
A dart slug comes into view.
You hit the kobold. Your grab misses the kobold.
The kobold is moderately wounded.
The kobold hits you with a +0 club.
You closely miss the kobold. Your grab misses the kobold.
The kobold is moderately wounded.
The kobold hits you with a +0 club.
Casting: Summon Small Mammal (safe; 2% risk of failure)
Confirm with . or Enter, or press ? or * to list all spells.
You call for your canine familiar and it appears with a howl!
The dart slug launches a dart at you. The slug dart hits you.
The kobold barely misses you.
Casting: Call Canine Familiar (quite dangerous; 8% risk of failure)
Confirm with . or Enter, or press ? or * to list all spells.
A tiny devil pulls itself out of the air.
A bat comes into view.
The kobold hits you with a +0 club.
* * * LOW HITPOINT WARNING * * *
The bat moves out of view.
You swap places.
The dart slug launches a dart at you. The slug dart hits you.
* * * LOW HITPOINT WARNING * * *
Your cerulean imp closely misses the kobold.
Your inugami hits the kobold.
The kobold hits your inugami but does no damage.
Casting: Call Imp (safe; 4% risk of failure)
Confirm with . or Enter, or press ? or * to list all spells.
The dart slug launches a dart at you. The slug dart hits you.
You die...

.###...#.....####
#.†.............
#...#.#.....#####..
#..................
#####.#.....#####..
...#........# #
#.#.#......#r# .#.#
#.#.#......#.####.^...
# #.#......#.@5K...#
##........h##..#
#.###.###.#
.........#w#
...#...#####.# .......
... #.##.#. ### #.#.<
..


You could see a dart slug (ally target), a kobold (distracted, ally target), a
friendly cerulean imp (summoned), a friendly quokka (summoned) and a friendly
inugami (summoned).

Vanquished Creatures
  An adder (D:2)
  2 dart slugs (D:1)
  A ball python (D:1)
  An endoplasm (D:1)
  A giant cockroach (D:1)
  2 hobgoblins (D:1)
  2 jackals (D:1)
  A quokka (D:1)
  5 bats (D:1)
  4 frilled lizards
  3 kobolds (D:1)
  3 rats (D:1)
26 creatures vanquished.

Vanquished Creatures (collateral kills)
  An adder (D:2)
  2 ball pythons (D:1)
3 creatures vanquished.

Grand Total: 29 creatures vanquished

Notes
Turn   | Place    | Note
-------+----------+-------------------------------------------
     0 | D:1      | croobank the Octopode Summoner began the quest for the Orb.
     0 | D:1      | Reached XP level 1. HP: 11/11 MP: 3/3
   164 | D:1      | Reached XP level 2. HP: 17/17 MP: 1/5
   245 | D:1      | Found Duycs's General Store.
   317 | D:1      | Learned a level 2 spell: Call Imp
   588 | D:1      | Reached XP level 3. HP: 21/21 MP: 6/6
   592 | D:1      | Learned a level 3 spell: Call Canine Familiar
  1202 | D:2      | Killed from afar by a dart slug

Illustrated notes

Levels and vault maps discovered:
D:1:      eino_arrival_cavern_a, layout_loops_ring, serial_shops, shop,
          hangedman_decor_push
D:2:      layout_basic, serial_curves, eino_curves_03, eino_curves_04,
          minmay_misc_feat_room, amethyst_killhole

Skill      XL: |  1 |
---------------+----+-----
Stealth        | 3 |  3.6
Dodging        | |  2.6
Spellcasting   | |  2.5
Summonings     | |  4.3

Action                     || total
---------------------------++-------
  Melee: Unarmed           ||    12
         Constrict         ||    14
         Short sword       ||    33
         Tentacles         ||     8
   Cast: Summon Small Mamm ||    13
         Call Imp          ||     5
         Call Canine Famil ||     2
   Stab: Sleeping          ||    12
 Armour: Skin              ||    23
  Dodge: Dodged            ||    21

Table legend: (Time is in decaauts)
 A = Elapsed time spent in this place.
 B = Non-inter-level travel time spent in this place.
 C = Inter-level travel time spent in this place.
 D = Time resting spent in this place.
 E = Time spent auto-exploring this place.
 F = Levels seen in this place.
 G = Mean time per level.
                   A        B        C        D        E       F      G
               +--------+--------+--------+--------+--------+-----+--------+
         Total |   1201 |   1189 |     12 |     94 |    874 |   2 |  600.5 |
       Dungeon |   1201 |   1189 |     12 |     94 |    874 |   2 |  600.5 |
               +--------+--------+--------+--------+--------+-----+--------+

Top non-repeatable levels by time:
     D:1: 975 daAuts
     D:2: 225 daAuts
